 Dungeon Crawl Stone Soup version 0.20-a0-1058-g0491fde (webtiles) character file.

3501 Goblin1989 the Arsonist (level 9, -12/45 HPs)
             Began as a Deep Elf Fire Elementalist on Apr 25, 2017.
             Was a Follower of Vehumet.
             Killed by the air
             ... invoked by Gastronok
              (19 damage)
             ... on level 8 of the Dungeon on Apr 26, 2017.
             The game lasted 00:33:44 (9296 turns).

Goblin1989 the Arsonist (DEFE)                      Turns: 9296, Time: 00:33:44

Health: -12/45     AC:  8    Str: 10    XL:     9   Next: 80%
Magic:  1/24       EV: 13    Int: 28    God:    Vehumet [*.....]
Gold:   394        SH:  0    Dex: 20    Spells: 10/26 levels left

rFire    . . .     SeeInvis +   a - +0 dagger (speed)
rCold    . . .     Gourm    .   (no shield)
rNeg     . . .     Faith    .   C - +2 robe of the Hare {Str+5 Int+4 Dex+5}
rPois    .         Spirit   .   (no helmet)
rElec    .         Reflect  .   (no cloak)
rCorr    .         Harm     .   I - +2 pair of gloves
MR       +....                  w - +0 pair of boots
Stlth    ++........             (no amulet)
Regen    0.2/turn               m - ring of protection from magic
MPRegen  0.2/turn               s - ring of see invisible

@: no status effects
A: hooves 1
a: Renounce Religion


You were on level 8 of the Dungeon.
You worshipped Vehumet.
Vehumet was aware of your devotion.
You were not hungry.

You visited 2 branches of the dungeon, and saw 9 of its levels.

You collected 394 gold pieces.

Inventory:

Hand Weapons
 a - a +0 dagger of speed (weapon)
 z - a +0 dagger of draining
 K - a +2 spear of freezing
Missiles
 Z - a throwing net {!d, =f}
Armour
 w - a +0 pair of boots (worn)
 C - the +2 robe of the Hare (worn) {Str+5 Int+4 Dex+5}
   (You found it on level 4 of the Dungeon)

   It affects your strength (+5).
   It affects your intelligence (+4).
   It affects your dexterity (+5).
 G - a +0 pair of gloves
 I - a +2 pair of gloves (worn)
 L - +0 steam dragon scales
Jewellery
 m - a ring of protection from magic (left hand)
 s - a ring of see invisible (right hand)
 x - an uncursed ring of stealth
 D - an uncursed ring of fire
 N - an uncursed amulet of the gourmand {unknown}
Wands
 A - a wand of acid (3/15)
 B - a wand of clouds (5/9)
 P - a wand of acid (9/15)
Scrolls
 b - 3 scrolls of amnesia {unknown}
 c - 3 scrolls of magic mapping {unknown}
 g - 7 scrolls of teleportation {unknown}
 h - 2 scrolls of enchant weapon {unknown}
 q - 3 scrolls of remove curse {unknown}
 y - a scroll of enchant armour {unknown}
 E - 4 scrolls of fear {unknown}
 F - a scroll of blinking {unknown}
 H - a scroll of immolation {unknown}
 J - a scroll of random uselessness {unknown}
 R - 3 scrolls of identify {@r1}
Potions
 d - 2 potions of heal wounds {@q2, !q}
 f - a potion of invisibility
 i - a potion of flight
 j - a potion of magic
 k - 2 potions of berserk rage
 o - 3 potions of might
 p - a potion of lignification
 t - 3 potions of curing {@q1}
 v - 4 potions of agility
 O - a potion of cancellation {unknown}
Books
 l - a book of Conjurations

   Spells                             Type                      Level
   a - Magic Dart                     Conjuration                  1
   b - Searing Ray                    Conjuration                  2
   c - Dazzling Spray                 Conjuration/Hexes            3
   d - Fulminant Prism                Conjuration/Hexes            4
   e - Force Lance                    Conjuration/Translocation    4
   f - Iskenderun's Mystic Blast      Conjuration                  4
Comestibles
 e - 7 bread rations {@e1}
 n - a royal jelly
 r - 2 meat rations {@e2}
 u - 19 fruits
 M - 12 chunks of flesh


   Skills:
 - Level 2.4 Dodging
 - Level 2.4 Stealth
 + Level 9.0 Spellcasting
 * Level 9.5 Conjurations
 * Level 10.3 Fire Magic


You had 10 spell levels left.
You knew the following spells:

 Your Spells              Type           Power        Failure   Level  Hunger
a - Flame Tongue          Conj/Fire      #####        1%          1    None
b - Sticky Flame          Conj/Fire      ######..     1%          4    None
c - Inner Flame           Hex/Fire       #####...     1%          3    None
d - Fireball              Conj/Fire      ######....   1%          5    ####...
j - Conjure Flame         Conj/Fire      ######..     1%          3    None


Dungeon Overview and Level Annotations

Branches:
Dungeon (8/15)             Temple (1/1) D:5
   Lair: D:8-11

Altars:
Cheibriados
Dithmenos
Elyvilon
Fedhas
Gozag
Hepliaklqana
Kikubaaqudgha
Nemelex Xobeh
Okawaru
Qazlal
Ru
Sif Muna
Uskayaw
Vehumet
Wu Jian
Xom
Yredelemnul
Zin
The Shining One

Annotations:
D:6 exclusion: Eustachio, Eustachio
D:8 Gastronok


Innate Abilities, Weirdness & Mutations

You have large cloven feet.


Message History

Casting: Flame Tongue
Confirm with . or Enter, or press ? or * to list all spells.
Aiming: Flame Tongue
Press: ? - help, Shift-Dir - straight line, f - orc
Aim: an orc, wielding a flail The flame tongue hits the orc.
You kill the orc!
Vehumet accepts your kill.
Unknown command.
Some of the chunks of flesh in your inventory have rotted away.
A quokka skeleton comes into view.
You regained 6 mp, and now have 22/24 mp.
A quokka skeleton is nearby!
Casting: Flame Tongue
Confirm with . or Enter, or press ? or * to list all spells.
Aiming: Flame Tongue
Press: ? - help, Shift-Dir - straight line, f - quokka skeleton
Aim: a quokka skeleton (hasn't noticed you)
The flame tongue hits the quokka skeleton.
You destroy the quokka skeleton!
Vehumet accepts your kill.
You now have 21/24 mp.
Casting: Flame Tongue
Confirm with . or Enter, or press ? or * to list all spells.
You can't see any susceptible monsters within range! (Use Z to cast anyway.)
You butcher the bullfrog corpse.
M - 4 chunks of flesh (gained 2)
You see here a bullfrog skeleton. x2
MP restored: 24 You butcher the orc corpse.
M - 8 chunks of flesh (gained 4)
You butcher the orc corpse.
M - 12 chunks of flesh (gained 4)
Items here: ))) ÷ a flail; a morningstar; a flail; an orc skeleton
Items here: ))) ÷ a flail; a morningstar; a flail; an orc skeleton Saving game... please wait.
Welcome back, Goblin1989 the Deep Elf Fire Elementalist.
Vehumet says: Let it end in hellfire!
Press ? for a list of commands and other information.
Unknown command.
There's nothing to open nearby.
Gastronok the Ponderous comes into view.
Gastronok gurgles horribly!
Cast which spell? (? or * to list)
Aiming: Fireball
Press: ? - help, Shift-Dir - straight line The fireball explodes!
The fireball engulfs Gastronok.
Gastronok is lightly wounded.
You hear an angry hiss.
You now have 19/24 mp.
Casting: Fireball
Confirm with . or Enter, or press ? or * to list all spells.
Aiming: Fireball
Press: ? - help, Shift-Dir - straight line, f - Gastronok
Aim: Gastronok, wearing a runed hat (lightly wounded)
The fireball explodes!
The fireball engulfs Gastronok.
Gastronok is moderately wounded.
You now have 14/24 mp.
Casting: Fireball
Confirm with . or Enter, or press ? or * to list all spells.
Aiming: Fireball
Press: ? - help, Shift-Dir - straight line, f/p - Gastronok
Aim: Gastronok, wearing a runed hat (moderately wounded)
The fireball explodes!
The fireball engulfs Gastronok.
Gastronok is heavily wounded.
You now have 9/24 mp.
Casting: Fireball
Confirm with . or Enter, or press ? or * to list all spells.
Aiming: Fireball
Press: ? - help, Shift-Dir - straight line, f/p - Gastronok
Aim: Gastronok, wearing a runed hat (heavily wounded)
The fireball explodes!
The fireball engulfs Gastronok.
Gastronok is severely wounded.
You now have 4/24 mp.
Casting: Fireball
Confirm with . or Enter, or press ? or * to list all spells.
You don't have enough magic to cast that spell.
Gastronok waves his eye-stalks in wide circles.
The air twists around and strikes you!
Ouch! That really hurt!
* * * LOW HITPOINT WARNING * * *
You take 28 damage, and have 17/45 hp.
MASSIVE DAMAGE!!
Gastronok bites you!
* * * LOW HITPOINT WARNING * * *
You take 10 damage, and have 7/45 hp.
MASSIVE DAMAGE!!
Casting: Fireball
Confirm with . or Enter, or press ? or * to list all spells.
Aiming: Sticky Flame
Press: ? - help, Shift-Dir - straight line, f/p - Gastronok
Aim: Gastronok, wearing a runed hat (heavily wounded)
The sticky flame hits Gastronok.
Gastronok is severely wounded.
Gastronok is covered in liquid flames!
Gastronok burns!
You now have 1/24 mp.
Gastronok burns!
Gastronok waves his eye-stalks in wide circles.
The air twists around and strikes you!
You die... █████

█..... .
█.... █.███
██w.█ █.?.
██..█ █....
██@.██
█....███..██
█.......[██
█.███...██
███.███
██..███
█.....██ ███
██÷)....█
█.███..███..█


You could see Gastronok (burning).

Vanquished Creatures
  A hydra (D:8)
  Prince Ribbit (D:7)
  Sigmund (D:2)
  A steam dragon (D:8)
  2 sky beasts
  3 phantoms
  2 ogres
  A centaur (D:3)
  Blork the orc (D:5)
  5 bullfrogs
  A scorpion (D:8)
  A crimson imp (D:6)
  4 hounds
  3 orc priests
  4 jellies
  2 centaur skeletons
  7 orc wizards
  A bullfrog skeleton (D:3)
  3 iguanas
  4 worker ants
  2 worker ant zombies
  16 gnolls
  2 howler monkey skeletons
  5 adders
  3 shadow imps
  An ooze (D:1)
  6 worms
  3 dart slugs
  5 leopard geckos
  26 orcs
  5 bats
  5 giant cockroaches
  8 goblins
  11 hobgoblins
  2 jackals (D:5)
  6 kobolds
  3 quokkas
  2 ball pythons
  6 frilled lizards
  A jackal zombie (D:6)
  A leopard gecko skeleton (D:6)
  A quokka skeleton (D:8)
  12 rats
180 creatures vanquished.

Vanquished Creatures (others)
  A butterfly (D:5)
  34 fungi (D:8)
  19 plants (D:8)
54 creatures vanquished.

Grand Total: 234 creatures vanquished

Notes
Turn   | Place    | Note
-------+----------+-------------------------------------------
     0 | D:1      | Goblin1989 the Deep Elf Fire Elementalist began the quest for the Orb.
     0 | D:1      | Reached XP level 1. HP: 10/10 MP: 6/6
   265 | D:1      | Reached XP level 2. HP: 15/15 MP: 6/8
   815 | D:1      | Reached skill level 4 in Fire Magic
   918 | D:2      | Reached XP level 3. HP: 19/19 MP: 6/10
  1332 | D:2      | Noticed Sigmund
  1336 | D:2      | Killed Sigmund
  1336 | D:2      | Reached skill level 5 in Fire Magic
  1336 | D:2      | Reached XP level 4. HP: 8/24 MP: 6/12
  1336 | D:2      | Reached XP level 5. HP: 10/28 MP: 6/13
  1406 | D:1      | Learned a level 3 spell: Conjure Flame
  1411 | D:1      | Learned a level 4 spell: Sticky Flame
  1415 | D:1      | Learned a level 3 spell: Inner Flame
  1826 | D:2      | Reached XP level 6. HP: 32/32 MP: 12/15
  1829 | D:2      | Found a shadowy altar of Dithmenos.
  2568 | D:3      | Reached skill level 5 in Spellcasting
  2893 | D:3      | Reached skill level 6 in Fire Magic
  3965 | D:4      | Found a hazy altar of Hepliaklqana.
  3994 | D:4      | Reached XP level 7. HP: 36/36 MP: 13/16
  4148 | D:4      | Reached skill level 5 in Conjurations
  4470 | D:4      | Got a fine robe
  4484 | D:4      | Identified the +2 robe of the Hare {Str+5 Int+4 Dex+5} (You found it on level 4 of the Dungeon)
  4808 | D:5      | Entered Level 5 of the Dungeon
  4815 | D:5      | Learned a level 5 spell: Fireball
  4921 | D:5      | Found a white marble altar of Elyvilon.
  5060 | D:5      | Reached skill level 7 in Fire Magic
  5091 | D:5      | Found a glowing golden altar of the Shining One.
  5134 | D:5      | Noticed Blork the orc
  5138 | D:5      | Killed Blork the orc
  5382 | D:5      | Found a staircase to the Ecumenical Temple.
  5393 | Temple   | Entered the Ecumenical Temple
  5418 | Temple   | Became a worshipper of Vehumet
  5541 | D:5      | Reached XP level 8. HP: 25/41 MP: 9/19
  5961 | D:5      | Found a glowing silver altar of Zin.
  6457 | D:6      | Reached skill level 8 in Fire Magic
  6788 | D:6      | Reached * piety under Vehumet
  6788 | D:6      | Offered knowledge of Magic Dart by Vehumet.
  6845 | D:6      | Found a snail-covered altar of Cheibriados.
  6863 | D:6      | Upgraded the game from 0.20-a0-1050-g57248f3 to 0.20-a0-1058-g0491fde
  7129 | D:6      | Noticed Eustachio
  7668 | D:7      | Noticed Prince Ribbit
  7672 | D:7      | Killed Prince Ribbit
  7672 | D:7      | Reached skill level 9 in Fire Magic
  7672 | D:7      | Reached XP level 9. HP: 45/45 MP: 6/22
  7931 | D:7      | Gained mutation: You have large cloven feet. [mutagenic meat]
  8581 | D:8      | Noticed a four-headed hydra
  8595 | D:8      | Killed a four-headed hydra
  8595 | D:8      | Reached skill level 10 in Fire Magic
  9000 | D:8      | Found a basalt altar of Yredelemnul.
  9072 | D:8      | Found an ornate altar of the Wu Jian Council.
  9077 | D:8      | Found an iron altar of Okawaru.
  9286 | D:8      | Noticed Gastronok
  9296 | D:8      | Killed from afar by Gastronok

Vault maps used:
D:1:      scummos_arrival_gate
D:2:      nicolae_dithmenos_shadow_blocks, uniq_sigmund, uniq_crazy_yiuf_cottage
D:3:      first_bread, dk_vineyard_3
D:4:      kennysheep_mini_moat
D:5:      zin_academy, elyvilon_altar_4, nicolae_overflow_crystal_walls,
          minmay_temple_entry_butterflies, uniq_blork_the_orc
D:6:      kennysheep_little_box, lemuel_coloured_pillars_altar, uniq_eustachio
D:7:      uniq_prince_ribbit1
D:8:      okawaru_ov_weapons_minmay, grunt_temple_overflow_open,
          due_lair_maze_entry_diamond, uniq_joseph, uniq_gastronok
Temple:   cyrus_temple_forest

Skill      XL: |  1  2  3  4  5  6  7  8  9 |
---------------+----------------------------+-----
Fire Magic     | 4 5 6 7 9 10 | 10.3
Conjurations   | 3 4 6 8 9 |  9.5
Spellcasting   | 4 5 6 7 9 |  9.0
Dodging        | |  2.4
Stealth        | |  2.4

Action                   |  1- 3 |  4- 6 |  7- 9 || total
-------------------------+-------+-------+-------++-------
Melee: Whip              |       |     1 |       ||     1
       Dagger            |       |       |     1 ||     1
 Cast: Flame Tongue      |    52 |   101 |   295 ||   448
       Sticky Flame      |       |     1 |     6 ||     7
       Fireball          |       |       |    12 ||    12
Evoke: Wand              |       |       |     2 ||     2
  Use: Scroll            |       |       |     8 ||     8
  Eat: Chunk             |     1 |     7 |    20 ||    28
       Fruit             |       |       |     1 ||     1
Armor: Robe              |       |     4 |    28 ||    32
Dodge: Dodged            |     3 |    29 |    71 ||   103

Vault maps used:
D:1:      scummos_arrival_gate
D:2:      nicolae_dithmenos_shadow_blocks, uniq_sigmund, uniq_crazy_yiuf_cottage
D:3:      first_bread, dk_vineyard_3
D:4:      kennysheep_mini_moat
D:5:      zin_academy, elyvilon_altar_4, nicolae_overflow_crystal_walls,
          minmay_temple_entry_butterflies, uniq_blork_the_orc
D:6:      kennysheep_little_box, lemuel_coloured_pillars_altar, uniq_eustachio
D:7:      uniq_prince_ribbit1
D:8:      okawaru_ov_weapons_minmay, grunt_temple_overflow_open,
          due_lair_maze_entry_diamond, uniq_joseph, uniq_gastronok
Temple:   cyrus_temple_forest
